 Dungeon Sprint DCSS version 0.31-a0-43-g46d131a48f (webtiles) character file.

Game seed: 8489812956674125237

20243 sircluck the Wrestler (level 12, -33/108 HPs)
             Began as a Troll Berserker on May 18, 2023.
             Was the Champion of Trog.
             Killed from afar by a fire giant (43 damage)
             ... with a fireball
             ... in the Dungeon (Sprint I: "Red Sonja").
             The game lasted 00:13:10 (2010 turns).

sircluck the Wrestler (Troll Berserker)             Turns: 2010, Time: 00:13:11

Health: -33/108    AC: 11    Str: 30    XL:     12   Next: 43%
Magic:  9/9        EV: 11    Int:  7    God:    Trog [******]
Gold:   373        SH:  0    Dex:  5    Spells: 11/11 levels left

rFire   . .          .
                       - Unarmed
rCold   . . .        (no shield)
rNeg    + . .        i - +5 robe of Night {Dark Will+ SInv}
rPois   +            s - +2 hat
rElec   .            (no cloak)
rCorr   +            (gloves unavailable)
SInv    +            (boots unavailable)
Will    +....        w - macabre finger necklace {Finger+ rN+}
Stlth   ++           v - +4 ring of slaying
HPRegen 1.18/turn    x - ring "Wimohoc" {Fly rPois Will- rCorr Int+4}
MPRegen 0.11/turn    t - ring of the Everdark {Will+ Int+2}

%: no teleportation
@: flying, unable to read
A: large, unfitting armour, claws 3, regeneration 1, shaggy fur 1, tough skin 1,
clumsy 2, dopey 1, frail 2, low MP 1, screaming 1, weak 1, inability to read
after injury 1, MP-powered wands
a: Renounce Religion, Berserk, Trog's Hand, Brothers in Arms


You were in the Dungeon.
You worshipped Trog.
Trog was exalted by your worship.
You visited 1 branch You collected 2586 gold pieces.
You spent 2213 gold pieces at shops.

Inventory:

Missiles
 j - 2 curare-tipped darts (quivered)
 n - 3 poisoned darts
 q - 5 stones
Armour
 a - a +0 animal skin
 g - +0 gold dragon scales
 i - the +5 robe of Night (worn) {Dark Will+ SInv}
   (You found it in the Dungeon)

   Dark:      It shrouds the wearer in darkness, reducing the range at which
   they can see and be seen by others.
   SInv:      It lets you see invisible.
   Will:      It increases your willpower.
 s - a +2 hat (worn)
Jewellery
 k - an amulet of guardian spirit
 t - the ring of the Everdark (on amulet) {Will+ Int+2}
   (You found it in the Dungeon)

   [ring of willpower]

   Int:       It affects your intelligence (+2).
   Will:      It increases your willpower.
 v - a +4 ring of slaying (left claw)
 w - the macabre finger necklace (around neck) {Finger+ rN+}
   (You bought it in a shop in the Dungeon)

   [amulet of nothing]

   Finger+:   It enables you to equip an extra ring.
   rN:        It protects you from negative energy.
 x - the ring "Wimohoc" (right claw) {Fly rPois Will- rCorr Int+4}
   (You bought it in a shop in the Dungeon)

   [ring of flight]

   Int:       It affects your intelligence (+4).
   rPois:     It protects you from poison.
   Fly:       It grants you flight.
   rCorr:     It protects you from acid and corrosion.
   Will:      It decreases your willpower.
Wands
 h - a wand of flame (37)
Scrolls
 c - a scroll of immolation {unknown}
 l - a scroll of brand weapon {unknown}
 m - a scroll of enchant armour {unknown}
 o - a scroll of enchant weapon {unknown}
 p - 2 scrolls of identify {unknown}
 u - a scroll of vulnerability {unknown}
Potions
 b - 3 potions of curing
 d - a potion of haste
 e - 2 potions of magic
 f - a potion of berserk rage
Miscellaneous
 r - a phial of floods (inert)


   Skills:
 + Level 13.5 Fighting
 + Level 14.0 Dodging
 + Level 2.5 Stealth
 + Level 22.8 Unarmed Combat
 + Level 1.2 Evocations


You had 11 spell levels left.
You didn't know any spells.
Your spell library was empty.

Dungeon Overview and Level Annotations

Branches:
Dungeon (1/1)

Altars:
Cheibriados
Dithmenos
Elyvilon
Fedhas
Gozag
Hepliaklqana
Kikubaaqudgha
Makhleb
Nemelex Xobeh
Okawaru
Qazlal
Ru
Sif Muna
Trog
Uskayaw
Vehumet
Wu Jian
Xom
Yredelemnul
Zin
The Shining One
Jiyva
Lugonu

Shops:
D ==*([[**([*=[[(*(([[!

Annotations:
D exclusion: oklob plant


Innate Abilities, Weirdness & Mutations

You are too large for most types of armour.
You have claws for hands.
Your natural rate of healing is unusually fast.
You are covered in fur. (AC +1)
You have tough skin. (AC +1)
You are very clumsy. (Dex -4)
You are dopey. (Int -2)
You are very frail. (-20% HP)
Your magical capacity is low. (-10% MP)
You occasionally shout uncontrollably at your foes.
You are weak. (Str -2)
You occasionally lose the ability to read scrolls when taking damage.
You expend magic power (3 MP) to strengthen your wands.


Message History

Unknown command.
You reach down and open the door.
There is an open door here.
You start resting.
HP restored.
A fire giant comes into view.
It is wielding a +0 great sword of flaming.
The fire giant shouts!
A fire giant comes into view.
It is wielding a +0 great sword of flaming.
The fire giant shouts!
You hear a shout!
The fire giant casts a spell at you.
The fireball explodes!
The fireball engulfs you!!!
Ouch! That really hurt!
A fire giant comes into view.
It is wielding a +2 great sword of flaming.
Aim the phial where?
Press: ? - help, Q - select action, (/) - cycle Shift-Dir - straight line, f - fire giant
Aim: a fire giant, wielding a +0 great sword of flaming The torrent of water hits the fire giant!
The fire giant is lightly wounded.
The fire giant is knocked back by the torrent of water.
The fire giant slams into the stone wall!
The fire giant is lightly wounded.
The fire giant is engulfed in water.
The wave splashes down.
The fire giant is engulfed in water.
You hear a roar!
Unknown command.
You feel better.
You claw the fire giant! You claw the fire giant!!
The fire giant is heavily wounded.
The fire giant hits you with a +0 great sword of flaming!!
* * * LOW HITPOINT WARNING * * *
The fire giant burns you!
You feel threatened and lose the ability to read scrolls!
* * * LOW HITPOINT WARNING * * *
A fire giant comes into view.
It is wielding a +0 great sword of flaming.
The fire giant attacks as you move away!
The fire giant barely misses you.
The fire giant is no longer waterlogged. x2
The fire giant points at you and mumbles some strange words.
The fireball explodes!
The fireball engulfs you!!!
You die...

##)###.○.
#..###$#..≈.##'#..
##.'.#°°○#
#.##..$#..≈##§§.§.
.###.#
#).#+###~.≈#.§§..§
[∩##.#
##...#P≈~.##..§§†.
####.#
###.#M≈~.#....§§.
..##.#
#.###~.#...§.§.
..§'§# #.#
+..##...... ####§#
####'# ##'##......
§§.#§# ###@...#
~~##..... ..#§.#
#C~.#### ##))).
.~#### .~C~C###
##### ~~# C####
~## ## ### ∩∩# ∩##


You could see 3 fire giants.

Vanquished Creatures
  A golden dragon (D)
  A deep elf annihilator (D)
  2 centaur warriors (D)
  A hydra (D)
  Sonja (D)
  A deep troll (D)
  A lindwurm (D)
  8 shining eyes (D)
  An oklob plant (D)
  2 demonic crawlers (D)
  2 merfolk sirens (D)
  A gargoyle (D)
  7 unseen horrors (D)
  A kobold demonologist (D)
  5 hornets (D)
  A hellwing (D)
  A slime creature (D)
  Sigmund (D)
  A yak (D)
  13 hogs (D)
  2 redbacks (D)
  5 floating eyes (D)
  An ogre (D)
  7 necrophages (D)
  8 jellies (D)
  Ijyb (D)
76 creatures vanquished.

Vanquished Creatures (collateral kills)
  A shadow dragon (D)
  2 demonic crawlers (D)
  A gargoyle (D)
  A kobold demonologist (D)
  2 floating eyes (D)
7 creatures vanquished.

Vanquished Creatures (others)
  2 ballistomycete spores (D)
2 creatures vanquished.

Grand Total: 85 creatures vanquished

Notes
Turn   | Place    | Note
-------+----------+-------------------------------------------
     0 | D        | sircluck the Troll Berserker began the quest for the Orb.
     0 | D        | Reached XP level 1. HP: 22/22 MP: 0/0
     1 | D        | Noticed Ijyb
     9 | D        | Killed Ijyb
    10 | D        | Reached skill level 4 in Unarmed Combat
    10 | D        | Reached XP level 2. HP: 15/31 MP: 1/1
    14 | D        | Noticed an ogre
    19 | D        | Killed an ogre
    20 | D        | Reached skill level 5 in Fighting
    20 | D        | Reached skill level 6 in Unarmed Combat
    20 | D        | Reached XP level 3. HP: 15/42 MP: 2/2
    20 | D        | Reached XP level 4. HP: 18/50 MP: 3/3
    78 | D        | Noticed Sigmund
    91 | D        | Killed Sigmund
    91 | D        | Reached ** piety under Trog
    92 | D        | Reached skill level 8 in Unarmed Combat
    92 | D        | Reached XP level 5. HP: 45/61 MP: 4/4
   106 | D        | Found an ornate altar of the Wu Jian Council.
   106 | D        | Found a shimmering blue altar of Sif Muna.
   106 | D        | Found the +5 robe of Night {Dark Will+ SInv}
   108 | D        | Found a radiant altar of Vehumet.
   113 | D        | Reached XP level 6. HP: 59/68 MP: 5/5
   117 | D        | Identified the +0 falchion of Breach {freeze, rElec rN++}
   159 | D        | Found Lyvoim's Weapon Emporium.
   159 | D        | Found a hazy altar of Hepliaklqana.
   159 | D        | Found a stormy altar of Qazlal.
   159 | D        | Found a hide-covered altar of Uskayaw.
   159 | D        | Found a blossoming altar of Fedhas.
   159 | D        | Found a bloodstained altar of Trog.
   159 | D        | Found a snail-covered altar of Cheibriados.
   159 | D        | Noticed a yak
   166 | D        | Killed a yak
   167 | D        | Reached skill level 9 in Unarmed Combat
   167 | D        | Found an iron altar of Okawaru.
   167 | D        | Found an opulent altar of Gozag.
   167 | D        | Found a sacrificial altar of Ru.
   167 | D        | Found a glowing silver altar of Zin.
   168 | D        | Found an ancient bone altar of Kikubaaqudgha.
   168 | D        | Found a basalt altar of Yredelemnul.
   168 | D        | Found a glowing golden altar of the Shining One.
   168 | D        | Found a sparkling altar of Nemelex Xobeh.
   168 | D        | Found a shadowy altar of Dithmenos.
   168 | D        | Found a white marble altar of Elyvilon.
   185 | D        | Noticed Sonja
   195 | D        | Killed Sonja
   195 | D        | Reached *** piety under Trog
   196 | D        | Reached skill level 11 in Unarmed Combat
   196 | D        | Reached XP level 7. HP: 53/81 MP: 6/6
   264 | D        | Found Hutif's Jewellery Boutique.
   272 | D        | Noticed a shining eye
   272 | D        | Noticed a shining eye
   272 | D        | Noticed a shining eye
   272 | D        | Noticed a shining eye
   273 | D        | Paralysed by a floating eye for 3 turns
   278 | D        | Reached XP level 8. HP: 91/91 MP: 7/7
   280 | D        | Gained mutation: You are weak. (Str -2) [a shining eye]
   283 | D        | Killed a shining eye
   284 | D        | Reached skill level 12 in Unarmed Combat
   285 | D        | Gained mutation: You are frail. (-10% HP) [a shining eye]
   287 | D        | Killed a shining eye
   287 | D        | Reached **** piety under Trog
   288 | D        | Reached skill level 13 in Unarmed Combat
   288 | D        | Reached XP level 9. HP: 90/90 MP: 8/8
   290 | D        | Killed a shining eye
   291 | D        | Reached skill level 10 in Fighting
   291 | D        | Reached skill level 10 in Dodging
   294 | D        | Killed a shining eye
   295 | D        | Reached skill level 14 in Unarmed Combat
   296 | D        | Noticed a shining eye
   296 | D        | Noticed a shining eye
   298 | D        | Noticed a shining eye
   298 | D        | Paralysed by a floating eye for 4 turns
   300 | D        | Gained mutation: You expend magic power (3 MP) to
                  | strengthen your wands. [a shining eye]
   300 | D        | Gained mutation: You occasionally lose the ability to read
                  | scrolls when taking damage. [a shining eye]
   303 | D        | Gained mutation: You are clumsy. (Dex -2) [a shining eye]
   304 | D        | Gained mutation: You are very frail. (-20% HP) [a shining
                  | eye]
   305 | D        | Killed a shining eye
   307 | D        | Gained mutation: You occasionally shout uncontrollably at
                  | your foes. [a shining eye]
   308 | D        | Killed a shining eye
   308 | D        | Reached ***** piety under Trog
   308 | D        | Paralysed by a floating eye for 3 turns
   310 | D        | Gained mutation: You are very clumsy. (Dex -4) [a shining
                  | eye]
   312 | D        | Killed a shining eye
   313 | D        | Reached skill level 15 in Unarmed Combat
   313 | D        | Reached XP level 10. HP: 90/90 MP: 9/9
   316 | D        | Noticed a shining eye
   316 | D        | Gained mutation: You are dopey. (Int -2) [a shining eye]
   318 | D        | Gained mutation: Your magical capacity is low. (-10% MP) [a
                  | shining eye]
   323 | D        | Killed a shining eye
   326 | D        | Found Ysehous's Jewellery Shoppe.
   326 | D        | Found Qirop's Armour Boutique.
   326 | D        | Found Zahuz's General Store.
   327 | D        | Found Fankux Tyeg's Armour Shop.
   359 | D        | Noticed a deep troll
   365 | D        | Killed a deep troll
   366 | D        | Reached skill level 16 in Unarmed Combat
   375 | D        | Found Cinifaff's Armour Emporium.
   530 | D        | Noticed a centaur warrior
   533 | D        | Noticed a centaur warrior
   549 | D        | Killed a centaur warrior
   554 | D        | Killed a centaur warrior
   555 | D        | Reached skill level 17 in Unarmed Combat
   604 | D        | Noticed an oklob plant
   607 | D        | Killed an oklob plant
   607 | D        | Received a gift from Trog
   667 | D        | Reached ****** piety under Trog
   699 | D        | Reached skill level 18 in Unarmed Combat
   722 | D        | Reached XP level 11. HP: 98/98 MP: 8/8
   723 | D        | Received a gift from Trog
   739 | D        | Paralysed by a floating eye for 4 turns
   746 | D        | Received a gift from Trog
   778 | D        | Found Jiwn's Assorted Antiques.
   778 | D        | Found Rextitza's Assorted Antiques.
   778 | D        | Found Zieqoas's Weapon Boutique.
   787 | D        | Found Gewoge's Armour Emporium.
   787 | D        | Found Socaucikas's Assorted Antiques.
   787 | D        | Found Ipsaotal's Jewellery Shoppe.
   787 | D        | Found Xiroufox's Antique Armour Boutique.
   787 | D        | Found Matzitemo's Antique Armour Emporium.
   789 | D        | Found Utzuisch's Antique Weapon Shop.
   795 | D        | Found Mouts's Assorted Antiques.
   796 | D        | Found Otaq's Antique Weapon Boutique.
   797 | D        | Found Foucixt's Antique Armour Emporium.
   797 | D        | Found Ziakk's Antique Weapon Boutique.
   798 | D        | Found Piv Balahit's Distillery.
   800 | D        | Bought a runed hat for 140 gold pieces
   846 | D        | Found a burning altar of Makhleb.
   846 | D        | Found a viscous altar of Jiyva.
   846 | D        | Found a shimmering altar of Xom.
   846 | D        | Found a corrupted altar of Lugonu.
   866 | D        | Paralysed by a floating eye for 3 turns
   868 | D        | Received a gift from Trog
   869 | D        | Reached skill level 1 in Stealth
   869 | D        | Reached skill level 19 in Unarmed Combat
   892 | D        | Identified the +12 flail of Obsession {heavy, rElec rPois
                  | SInv} (Trog gifted it to you in the Dungeon)
   892 | D        | Received a gift from Trog
   962 | D        | Reached skill level 20 in Unarmed Combat
   976 | D        | Noticed a lindwurm
   981 | D        | Killed a lindwurm
  1022 | D        | Identified the +9 great sword "Wiynu Hop" {heavy, rElec
                  | rPois rCorr Str-4} (Trog gifted it to you in the Dungeon)
  1022 | D        | Received a gift from Trog
  1035 | D        | Noticed a 12-headed hydra
  1052 | D        | Killed a 15-headed hydra
  1053 | D        | Reached skill level 21 in Unarmed Combat
  1288 | D        | Noticed a shadow dragon
  1289 | D        | Noticed a golden dragon
  1296 | D        | Killed a shadow dragon
  1300 | D        | Killed a golden dragon
  1301 | D        | Reached skill level 22 in Unarmed Combat
  1301 | D        | Reached XP level 12. HP: 88/108 MP: 6/9
  1336 | D        | Identified the ring of the Everdark {Will+ Int+2}
  1489 | D        | Bought a +4 ring of slaying for 1014 gold pieces
  1490 | D        | Bought the macabre finger necklace {Finger+ rN+} for 520
                  | gold pieces
  1490 | D        | Found the macabre finger necklace {Finger+ rN+}
  1545 | D        | Noticed a daeva
  1561 | D        | Noticed a deep elf annihilator
  1584 | D        | Killed a deep elf annihilator
  1587 | D        | Received a gift from Trog
  1616 | D        | Noticed a mummy priest
  1757 | D        | Bought the ring "Wimohoc" {Fly rPois Will- rCorr Int+4} for
                  | 539 gold pieces
  1942 | D        | Reached skill level 1 in Evocations
  1954 | D        | Received a gift from Trog
  2004 | D        | Noticed a fire giant
  2006 | D        | Noticed a fire giant
  2006 | D        | Noticed a fire giant
  2009 | D        | Noticed a fire giant
  2010 | D        | Killed from afar by a fire giant

Illustrated notes

Levels and vault maps discovered:
D:        dungeon_sprint_1 [red_sonja_temple_1, red_sonja_temple_small_1]

Skill      XL: |  1  2  3  4  5  6  7  8  9 10 11 12 |
---------------+-------------------------------------+-----
Fighting       | 3 5 6 8 9 11 12 13 | 13.5
Dodging        | 3 4 6 8 9 11 12 13 14 | 14.0
Unarmed Combat | 4 6 8 11 13 15 18 22 | 22.8
Stealth        | 1 2 |  2.5
Evocations     | 1 |  1.2

Action                     |  1- 3 |  4- 6 |  7- 9 | 10-12 || total
---------------------------+-------+-------+-------+-------++-------
  Melee: Unarmed           |    10 |    29 |    25 |   173 ||   237
         Punch             |       |     2 |     4 |    16 ||    22
 Invoke: Berserk           |     1 |     1 |     1 |     5 ||     8
         Brothers in Arms  |       |       |       |     6 ||     6
  Evoke: Phial of floods   |       |       |       |     3 ||     3
         Wand              |       |       |       |     2 ||     2
    Use: Scroll            |       |       |       |     2 ||     2
         Potion            |       |       |       |     2 ||     2
   Stab: Distracted        |       |       |       |     1 ||     1
 Armour: Animal skin       |     1 |     1 |       |       ||     2
         Robe              |       |     7 |       |   118 ||   125
  Dodge: Dodged            |       |    12 |       |    97 ||   109

Table legend: (Time is in decaauts)
 A = Elapsed time spent in this place.
 B = Non-inter-level travel time spent in this place.
 C = Inter-level travel time spent in this place.
 D = Time resting spent in this place.
 E = Time spent auto-exploring this place.
 F = Levels seen in this place.
 G = Mean time per level.
                   A        B        C        D        E       F      G
               +--------+--------+--------+--------+--------+-----+--------+
         Total |   2019 |   1880 |    139 |    629 |    169 |   1 | 2019.0 |
       Dungeon |   2019 |   1880 |    139 |    629 |    169 |   1 | 2019.0 |
               +--------+--------+--------+--------+--------+-----+--------+

Top non-repeatable levels by time:
       D: 2019 daAuts
